 Dungeon Crawl Stone Soup version 0.27.1-1-g398f81649c (webtiles) character file.

Game seed: 18410058218059887027

51 Descartes the Sneak (level 3, 0/15 HPs)
             Began as a Felid Transmuter on Sept 11, 2021.
             Slain by a goblin (3 damage)
             ... led by Robin
             ... on level 1 of the Dungeon.
             The game lasted 00:05:35 (3475 turns).

Descartes the Sneak (Felid Transmuter)              Turns: 3475, Time: 00:05:36

Health: 0/15       AC:  1    Str:  7    XL:     3   Next: 58%
Magic:  7/7        EV: 17    Int: 14    God:
Gold:   92         SH:  0    Dex: 16    Spells: 5/6 levels left
                                        Lives:  0   Deaths: 0

rFire    . . .     SeeInvis +     - Unarmed
rCold    . . .     Faith    .   (shield unavailable)
rNeg     . . .     Spirit   .   (armour unavailable)
rPois    +         Reflect  .   (helmet unavailable)
rElec    .         Harm     .   (cloak unavailable)
rCorr    .         Rampage  .   (gloves unavailable)
Will     .....                  (boots unavailable)
Stlth    +++.......             (no amulet)
HPRegen  0.05/turn              g - ring of poison resistance
MPRegen  0.10/turn              (no ring)

@: quick
A: very small, claws 1, fangs 3, see invisible, speed 1, shaggy fur 1, stealthy
paws, no weapons or thrown items, no armour, multi-lived
a: no special abilities


You were on level 1 of the Dungeon.
You visited 1 branch of the dungeon, and saw 2 of its levels.

You collected 92 gold pieces.

Inventory:

Missiles
 b - 35 stones
Jewellery
 g - a ring of poison resistance (left paw)
Scrolls
 a - 2 scrolls of identify
 c - a scroll of noise
 d - 2 scrolls of enchant weapon
Potions
 e - a potion of heal wounds {unknown}
 f - a potion of flight {unknown}


   Skills:
 - Level 1.0 Fighting
 + Level 2.9 Dodging
 + Level 4.1 Stealth
 + Level 3.1 Unarmed Combat
 - Level 2.0 Spellcasting
 + Level 2.5 Transmutations


You had 5 spell levels left.
You knew the following spells:

 Your Spells              Type           Power      Damage    Failure   Level
a - Beastly Appendage     Tmut           16%        N/A       9%          1

Your spell library contained the following spells:

 Spells                   Type           Power      Damage    Failure   Level
 Wereblood                Tmut           8%         N/A       13%         2
 Spider Form              Tmut/Pois      2%         N/A       38%         3
 Ice Form                 Ice/Tmut       4%         N/A       80%         4


Dungeon Overview and Level Annotations

Branches:
Dungeon (2/15)

Altars:

Annotations:
D:2 1 runed translucent door, Crazy Yiuf, Robin, Sigmund


Innate Abilities, Weirdness & Mutations

You have sharp claws.
You have razor-sharp teeth.
You have supernaturally acute eyesight. (SInv)
You cover ground quickly. (Speed+)
You are covered in fur. (AC +1)
Your paws help you pounce on unaware monsters.
You are incapable of wielding weapons or throwing items.
You cannot wear armour.
You gain extra lives every three experience levels.


Message History

The hobgoblin is heavily wounded.
The hobgoblin closely misses you.
You barely miss the hobgoblin. Your bite misses the hobgoblin.
The hobgoblin is heavily wounded.
The hobgoblin barely misses you.
You scratch the hobgoblin.
You kill the hobgoblin!
You scratch the goblin.
The goblin is heavily wounded.
The goblin misses you.
You barely miss the goblin.
The goblin is heavily wounded.
The goblin hits you with a +0 club.
You barely miss the goblin.
The goblin is heavily wounded.
The goblin barely misses you.
You barely miss the goblin.
The goblin is heavily wounded.
The goblin hits you with a +0 club.
You scratch the goblin.
You kill the goblin!
The goblin hits you with a +0 club. The goblin closely misses you.
You completely miss the goblin.
The goblin is heavily wounded.
You claw the goblin!
You kill the goblin!
You scratch the hobgoblin.
The hobgoblin is almost dead.
The hobgoblin hits you.
There is a stone staircase leading up here.
You scratch the hobgoblin.
You kill the hobgoblin!
You barely miss the goblin. The goblin hits you with a +0 dagger.
* * * LOW HITPOINT WARNING * * *
The goblin barely misses you. The goblin misses you.
You climb upwards.
There is a stone staircase leading down here.
The goblin hits you with a +0 club.
You die...

#.........#........##.#
#........)#........##.#
#.........#........##.#
#..........###....###.#
######'###.# #....# #.#
#.# #.###....###.#
#.###........#....
######gg...............
#.....@..#..........#..
#........#....##.##....
#........#....##.##.###
#........#....##....#..
#........'.............
#........#..........#..
#........##########.##.
#.......[# #.....
#........# #.####


You could see 2 goblins.

Vanquished Creatures
  An adder (D:2)
  3 ball pythons
  2 endoplasms
  2 giant cockroaches (D:1)
  4 goblins
  8 hobgoblins
  6 jackals
  3 kobolds (D:1)
  A quokka (D:1)
  A bat (D:1)
  A frilled lizard (D:1)
  4 rats
36 creatures vanquished.

Vanquished Creatures (others)
  12 fungi (D:2)
  28 plants (D:2)
  4 toadstools (D:2)
44 creatures vanquished.

Grand Total: 80 creatures vanquished

Notes
Turn   | Place    | Note
-------+----------+-------------------------------------------
     0 | D:1      | Descartes the Felid Transmuter began the quest for the Orb.
     0 | D:1      | Reached XP level 1. HP: 9/9 MP: 4/4
    43 | D:1      | Reached skill level 1 in Stealth
    87 | D:1      | Reached skill level 2 in Stealth
   136 | D:1      | Reached XP level 2. HP: 12/12 MP: 6/6
   169 | D:1      | Reached skill level 3 in Stealth
  1089 | D:2      | Found a faded altar of an unknown god.
  1093 | D:2      | Noticed Sigmund
  1152 | D:2      | Reached XP level 3. HP: 13/15 MP: 7/7
  1514 | D:2      | Noticed Robin
  1822 | D:1      | Reached skill level 4 in Stealth
  3222 | D:2      | Found a runed translucent door.
  3223 | D:2      | Noticed Crazy Yiuf
  3475 | D:1      | Slain by a goblin

Illustrated notes

Levels and vault maps discovered:
D:1:      minmay_arrival_four_houses, layout_basic
D:2:      layout_rooms, hellmonk_ecumenical_altar_lost_god,
          minmay_gold_behind_fungi, hangedman_abyss_or_decor_lesser_grid,
          serial_bayou_pond_c, serial_bayou_pond_c, uniq_sigmund, uniq_robin,
          uniq_crazy_yiuf_cottage

Skill      XL: |  1  2  3 |
---------------+----------+-----
Stealth        | 2 3 4 |  4.1
Fighting       | |  1.0
Dodging        | |  2.9
Unarmed Combat | |  3.1
Spellcasting   | |  2.0
Transmutations | |  2.5

Action                   || total
-------------------------++-------
Melee: Unarmed           ||   109
       Bite              ||     6
       Punch             ||     1
 Cast: Beastly Appendage ||     1
  Use: Scroll            ||     2
 Stab: Sleeping          ||     7
       Distracted        ||     1
Armor: Skin              ||     5
Dodge: Dodged            ||    68
